 Dungeon Crawl Stone Soup version 0.28.0 (webtiles) character file.

Game seed: 1982380343741144195

175 Illumine the Sneak (level 5, -10/31 HPs)
             Began as a Deep Elf Delver on Feb 8, 2022.
             Was an Initiate of Gozag.
             Killed by divine providence
             ... invoked by an orc priest
              (16 damage)
             ... on level 5 of the Dungeon.
             The game lasted 00:15:06 (5355 turns).

Illumine the Sneak (Deep Elf Delver)                Turns: 5355, Time: 00:15:06

Health: -10/31     AC:  3    Str:  9    XL:     5   Next: 29%
Magic:  5/10       EV: 12    Int: 17    God:    Gozag
Gold:   148        SH:  0    Dex: 22    Spells: 1/8 levels left

rFire   . . .      SeeInvis .   a - +0 short sword
rCold   . . .      Faith    .   n - orb {guile}
rNeg    . . .      Spirit   .   b - +0 leather armour
rPois   .          Reflect  .   (no helmet)
rElec   .          Harm     .   (no cloak)
rCorr   .          Rampage  .   (no gloves)
Will    .....                   (no boots)
Stlth   +++.......              (no amulet)
HPRegen 0.10/turn               l - +6 ring of dexterity
MPRegen 0.12/turn               (no ring)

@: gold aura
A: no striking features
a: Renounce Religion, Potion Petition, Call Merchant, Bribe Branch


You were on level 5 of the Dungeon.
You worshipped Gozag.
Gozag was aware of your devotion.
You visited 2 branches of the dungeon, and saw 6 of its levels.

You collected 631 gold pieces.
You spent 132 gold pieces at shops.
You paid 351 gold pieces to Gozag.

Inventory:

Hand Weapons
 a - a +0 short sword (weapon)
Missiles
 e - 50 stones
 q - 2 boomerangs (quivered)
 v - 4 poisoned darts
Armour
 b - a +0 leather armour (worn)
 j - an orb of energy
 n - an orb of guile (worn)
Magical Staves
 w - a staff of poison
Jewellery
 k - a ring of fire
 l - a +6 ring of dexterity (left hand)
Wands
 d - a wand of charming (1)
 g - a wand of digging (3)
Scrolls
 c - 2 scrolls of fog
 i - a scroll of immolation {unknown}
 m - a scroll of teleportation
 o - a scroll of fear
 r - 2 scrolls of blinking {unknown}
 t - a scroll of brand weapon {unknown}
 u - a scroll of noise {unknown}
 x - a scroll of magic mapping
Potions
 f - a potion of haste
 h - 3 potions of curing {unknown}
 p - a potion of lignification {unknown}
 s - 2 potions of heal wounds


   Skills:
 - Level 2.5 Fighting
 - Level 3.1 Short Blades
 - Level 2.4 Dodging
 - Level 6.0 Stealth
 - Level 2.0 Spellcasting
 * Level 4.9 Hexes
 - Level 0.5 Summonings
 - Level 0.6 Ice Magic


You had one spell level left.
You knew the following spells:

 Your Spells              Type           Power      Damage    Failure   Level
a - Tukima's Dance        Hex            18%        N/A       11%         3
b - Summon Ice Beast      Ice/Summ       3%         N/A       91%         4

Your spell library contained the following spells:

 Spells                   Type           Power      Damage    Failure   Level
 Summon Mana Viper        Hex/Summ       11%        N/A       94%         5
 Passage of Golubria      Tloc           1%         N/A       95%         4
 Yara's Violent Unravell  Hex/Tmut       5%         3d4       95%         5
 Monstrous Menagerie      Summ           1%         N/A       100%        7


Dungeon Overview and Level Annotations

Branches:
Dungeon (5/15)             Temple (1/1) D:5

Altars:
Cheibriados
Gozag
Makhleb
Nemelex Xobeh

Shops:
D:3 !


Message History

t - Shout!
Orders for allies: a - Attack new target. r - Retreat! s - Stop attacking. g - Guard the area. f - Follow me.
Anything else - Cancel.
Gang up on whom?
Press: ? - help, Dir - move target, f - orc priest
Aim: an orc priest, wielding a +0 whip Attack!
The orc priest looks encouraged for a moment.
Your +0 hand axe hits the orc priest.
Unknown command.
Your +0 hand axe turns to gold and falls from the air.
You hit the orc priest.
The orc priest is heavily wounded.
The orc priest is distracted by your dazzling golden aura.
Casting: Tukima's Dance (quite dangerous; 11% risk of failure)
Confirm with . or Enter, or press ? or * to list all spells.
The spell is quite dangerous to miscast (11% risk of failure)!
Continue anyway?
Aiming: Tukima's Dance (quite dangerous; 11% risk of failure)
Press: ? - help, Shift-Dir - straight line, f/p - orc priest
Aim: an orc priest, wielding a +0 whip (heavily wounded, unaware, hasn't noticed you, chance to affect: 68%)
The orc priest is no longer distracted by gold.
The orc priest shouts!
The +0 whip dances into the air!
A howler monkey skeleton comes into view.
The orc priest calls down the wrath of Beogh upon you.
Beogh smites you!
* * * LOW HITPOINT WARNING * * *
You hit the orc priest.
The orc priest is almost dead.
The orc priest looks encouraged for a moment.
You closely miss the orc priest.
The orc priest is almost dead.
Your +0 whip hits the orc.
The orc priest invokes the aid of Beogh against you.
Beogh smites you!
Ouch! That really hurt!
You die...
Your body crumbles into a pile of gold.

***** #..<......# *,,,,,,, ,,,,*
#.........# *,,,,,,, ,,,,*
#.........# *,,,,,,, ,*,,*
#.........########**,,,,,,, ,*,,*
#.................,,,,,,,,,
***,**#..........#########.,,,,,,
*,,,+..........##[.......,,,,,,
****#..........##........,,,,,,
*,*######.###@##....o...*,,,,,
*,,,,.........oo(.Z.....******
*,<,*####....###......#.*^,,**
***,*** #....# #........,,,,,,
*,,,,* #....# ##....#.),,,*,,
*,*,,*** #....# *##.##,.,*,,,,
*,*,,,,***#....# *.#*,,,***,*
*,*,**,*,,.....# *,#*,,,,,*,*
*,*,,,,*,#.....# *,******,*,*


You could see an orc priest (ally target), an orc, a howler monkey skeleton and
a friendly +0 whip.

Vanquished Creatures
  An orc priest (D:4)
  An orc wizard (D:3)
  2 adders
  3 worms
  2 dart slugs
  6 orcs
  9 endoplasms
  4 giant cockroaches
  2 goblins
  6 hobgoblins
  7 jackals
  3 kobolds (D:1)
  A quokka (D:1)
  5 ball pythons
  9 bats
  6 frilled lizards
  5 rats
72 creatures vanquished.

Vanquished Creatures (collateral kills)
  4 orcs
  A goblin (D:4)
  A kobold (D:2)
6 creatures vanquished.

Vanquished Creatures (others)
  A dancing weapon (D:3)
  An adder (D:2)
  2 orcs (D:3)
  3 fungi
7 creatures vanquished.

Grand Total: 85 creatures vanquished

Notes
Turn   | Place    | Note
-------+----------+-------------------------------------------
     0 | D:5      | Illumine the Deep Elf Delver began the quest for the Orb.
     0 | D:5      | Reached XP level 1. HP: 13/13 MP: 3/3
    34 | D:5      | Found a staircase to the Ecumenical Temple.
    43 | Temple   | Entered the Ecumenical Temple
   101 | Temple   | Became a worshipper of Gozag Ym Sagoz the Greedy
   237 | D:4      | Found a sparkling altar of Nemelex Xobeh.
   848 | D:3      | Noticed an ogre
   893 | D:3      | Found a glowing drain.
   936 | D:3      | Noticed an orc wizard
   939 | D:3      | Reached skill level 1 in Spellcasting
   939 | D:3      | Reached XP level 2. HP: 4/18 MP: 5/5
  1555 | D:1      | Reached XP level 3. HP: 17/22 MP: 7/7
  1644 | D:1      | Learned a level 3 spell: Tukima's Dance
  1976 | D:1      | Reached skill level 1 in Hexes
  3294 | D:2      | Reached XP level 4. HP: 22/27 MP: 9/9
  3345 | D:2      | Learned a level 4 spell: Summon Ice Beast
  4073 | D:3      | Found Pifav's Distillery.
  4076 | D:3      | Bought 2 potions of heal wounds for 120 gold pieces
  4076 | D:3      | Bought a potion of degeneration for 12 gold pieces
  5131 | D:4      | Reached XP level 5. HP: 31/31 MP: 3/10
  5355 | D:5      | Killed from afar by an orc priest

Illustrated notes

Levels and vault maps discovered:
D:1:      tarquinn_simple_flora_water_c, layout_loops_ring
D:2:      layout_loops_corners, uniq_crazy_yiuf_cottage
D:3:      layout_basic, fedhas_altar_4, serial_shops, nicolae_shop_behind_doors,
          shapermc_ecumenical_altar_acropolis, portal_sewer_entry_a,
          corexii_item_surrounded_by_moat
D:4:      layout_basic, mainiacjoe_overflow_paths
D:5:      layout_basic, minmay_temple_entry_statues, kennysheep_minor_cross
Temple:   regret_index_temple_generic_petals

Skill      XL: |  1  2  3  4 |
---------------+-------------+-----
Spellcasting   | 1 2 |  2.0
Short Blades   | 3 |  3.1
Hexes          | 2 4 |  4.9
Fighting       | |  2.5
Dodging        | |  2.4
Stealth        | |  6.0
Summonings     | |  0.5
Ice Magic      | |  0.6

Action                   |  1- 3 |  4- 6 || total
-------------------------+-------+-------++-------
Melee: Short sword       |   190 |   109 ||   299
       Punch             |     3 |       ||     3
Throw: Stone             |     6 |       ||     6
       Boomerang         |       |    14 ||    14
 Cast: Tukima's Dance    |     1 |    15 ||    16
Invok: Potion Petition   |       |     1 ||     1
Evoke: Wand              |     6 |     1 ||     7
  Use: Scroll            |     2 |     2 ||     4
 Stab: Sleeping          |    16 |     3 ||    19
       Distracted        |       |     1 ||     1
Armor: Leather armour    |    37 |    17 ||    54
Dodge: Dodged            |   117 |    43 ||   160
